 Dungeon Crawl Stone Soup version 0.19-b1-3-g7dea586 (webtiles) character file.

933 tv1990 the Chopper (level 8, 0/58 HPs)
             Began as a Formicid Monk on Oct 28, 2016.
             Killed by divine providence
             ... invoked by an orc priest
              (12 damage)
             ... on level 4 of the Dungeon.
             The game lasted 00:18:14 (4419 turns).

tv1990 the Chopper (Formicid Monk)                  Turns: 4419, Time: 00:18:14

Health: 0/58       AC: 11    Str: 17    XL:     8   Next: 33%
Magic:  8/8        EV: 11    Int:  9    God:
Gold:   155        SH: 10    Dex: 15    Spells: 0 memorised, 7 levels left

rFire  . . .     SeeInvis +     a - +1 hand axe
rCold  . . .     Gourm    .     v - +0 plate armour
rNeg   . . .     Faith    .     l - +0 shield
rPois  .         Spirit   .     (helmet unavailable)
rElec  .         Reflect  .     (no cloak)
rCorr  .         Harm     .     o - +0 pair of gloves
MR     .....                    (no boots)
Stlth  ..........               (no amulet)
                                m - +2 ring of evasion
                                k - +4 ring of evasion

@: no status effects
A: permanent stasis, dig shafts and tunnels, four strong arms, antennae 3
a: Dig, Shaft Self


You were on level 4 of the Dungeon.
You were hungry.

You visited 1 branch of the dungeon, and saw 7 of its levels.

You collected 155 gold pieces.

Inventory:

Hand Weapons
 a - a +1 hand axe (weapon)
 j - a +2 mace of protection
Armour
 l - a +0 shield (worn)
 o - a +0 pair of gloves (worn)
 v - a +0 plate armour (worn)
Jewellery
 k - a +4 ring of evasion (left hand)
 m - a +2 ring of evasion (right hand)
Wands
 d - a wand of flame (35/48)
Scrolls
 e - 2 scrolls of identify
 h - 2 scrolls of fear {unknown}
 i - 2 scrolls of teleportation {unknown}
 n - a scroll of fog {unknown}
 q - a scroll of noise {unknown}
 s - 2 scrolls of remove curse {unknown}
Comestibles
 b - a meat ration
 c - 2 bread rations
 f - a slice of pizza
 g - 4 chunks of flesh


   Skills:
 - Level 3.2 Fighting
 + Level 7.3 Axes
 - Level 2.6 Dodging
 - Level 2.4 Stealth
 * Level 7.1 Shields


You had 7 spell levels left.
You didn't know any spells.

Dungeon Overview and Level Annotations

Branches:
Dungeon (7/15)
 Temple: D:4-7

Altars:
Cheibriados
Hepliaklqana
Kikubaaqudgha

Annotations:
D:4 Shufflesack's ghost, amateur DECj
D:5 Eustachio


Innate Abilities, Weirdness & Mutations

You are under a permanent stasis effect.
You can dig through walls and to a lower floor.
Your four strong arms can wield two-handed weapons with a shield.
You have a pair of large antennae on your head. (SInv)


Message History

The orc priest is moderately wounded.
The orc priest completely misses you.
You hit the orc priest but do no damage.
The orc priest is moderately wounded.
The orc priest invokes the aid of Beogh against you.
Beogh smites you!
* * * LOW HITPOINT WARNING * * *
You hit the orc priest.
The orc priest is severely wounded.
You hit the orc priest.
The orc priest is severely wounded.
The orc priest hits you but does no damage.
You hit the orc priest.
The orc priest is almost dead.
The orc priest hits you but does no damage.
You hit the orc priest but do no damage.
The orc priest is severely wounded.
The orc priest invokes the aid of Beogh against you.
Beogh smites you!
You die...

*********** *,,,,,,,,,, *** ***
*,,,,,,,,,, *,* *,* *,,,,≈≈≈≈≈≈
***,* *,* *,,,,≈≈≈≈≈≈ *,,,*
###*,* *,,,,≈≈**** *,*,* #@##,*
*,,,,≈≈*,,, *,*,*####**##o#,*
*,,,,≈≈*,,, *****,*,##....##{##,*
*,,,,≈≈***+
,,,,,,,,......'{##*,*##,,,,≈≈≈,*,
,****,#,##...o#.#**...#,,,,≈≈≈,*,
,* *,*.##....#.#*>...#,,,,≈≈≈,*,
,* *,,.......#w##..#,*{,,,≈≈≈,*,
,****,#.##..........#,*,,,,≈≈≈,*,
,,,,,,,.............#,*,,,,≈≈≈,*,


You could see an orc priest.

Vanquished Creatures
  A sky beast (D:7)
  A bullfrog (D:7)
  3 killer bees (D:4)
  A jelly (D:7)
  A hound (D:7)
  An orc priest (D:3)
  6 orc wizards
  A gnoll shaman (D:4)
  Natasha (twice) (D:2)
  Terence (D:2)
  A worker ant zombie (D:5)
  Robin (D:3)
  11 gnolls
  3 adders (D:3)
  2 worms
  A dart slug (D:1)
  3 leopard geckos
  11 orcs
  5 bats
  5 giant cockroaches
  16 goblins
  7 hobgoblins
  13 jackals
  2 quokkas (D:5)
  A ball python (D:2)
  A ball python skeleton (D:4)
  6 frilled lizards
  6 kobolds
  3 rats
116 creatures vanquished.

Notes
Turn   | Place    | Note
-------+----------+-------------------------------------------
     0 | D:1      | tv1990 the Formicid Monk began the quest for the Orb.
     0 | D:1      | Reached XP level 1. HP: 18/18 MP: 1/1
   101 | D:1      | Reached XP level 2. HP: 18/24 MP: 2/2
   385 | D:1      | Reached XP level 3. HP: 26/29 MP: 3/3
   816 | D:2      | Noticed Natasha
   827 | D:2      | Killed Natasha
   827 | D:2      | Reached XP level 4. HP: 12/35 MP: 4/4
  1131 | D:2      | Reached skill level 5 in Axes
  1245 | D:2      | Noticed Terence
  1271 | D:2      | You fall through a shaft!
  1718 | D:3      | Noticed Robin
  1732 | D:3      | Killed Robin
  1732 | D:3      | Reached XP level 5. HP: 40/41 MP: 5/5
  2206 | D:2      | Noticed Natasha
  2227 | D:2      | Killed Natasha
  2227 | D:2      | Reached skill level 1 in Shields
  2227 | D:2      | Reached XP level 6. HP: 45/47 MP: 6/6
  2437 | D:2      | Killed Terence
  2770 | D:4      | Reached XP level 7. HP: 33/52 MP: 7/7
  3022 | D:3      | You fall through a shaft for 3 floors!
  3289 | D:5      | Entered Level 5 of the Dungeon
  3289 | D:5      | Found a snail-covered altar of Cheibriados.
  3289 | D:5      | Found an ancient bone altar of Kikubaaqudgha.
  3290 | D:5      | Noticed Eustachio
  3292 | D:5      | Found a hazy altar of Hepliaklqana.
  3587 | D:4      | Noticed Shufflesack's ghost (amateur DECj)
  3591 | D:4      | You fall through a shaft for 3 floors!
  3707 | D:7      | Reached skill level 5 in Shields
  4147 | D:4      | Reached XP level 8. HP: 53/58 MP: 8/8
  4419 | D:4      | Killed from afar by an orc priest

Skill      XL: |  1  2  3  4  5  6  7  8 |
---------------+-------------------------+-----
Axes           | 4 5 6 7 |  7.3
Shields        | 1 3 6 7 |  7.1
Fighting       | |  3.2
Dodging        | |  2.6
Stealth        | |  2.4

Action                   |  1- 3 |  4- 6 |  7- 9 || total
-------------------------+-------+-------+-------++-------
Melee: Hand axe          |    87 |   299 |   263 ||   649
 Abil: Dig               |     1 |     5 |     4 ||    10
       Shaft Self        |       |     1 |     2 ||     3
  Use: Potion            |       |     2 |     2 ||     4
       Scroll            |       |       |     6 ||     6
 Stab: Sleeping          |     1 |     2 |       ||     3
  Eat: Chunk             |       |     7 |     7 ||    14
Armor: Robe              |     4 |       |       ||     4
       Ring mail         |    23 |    46 |       ||    69
       Scale mail        |       |    19 |     2 ||    21
       Plate armour      |       |       |    49 ||    49
       Chain mail        |       |       |    10 ||    10
Dodge: Dodged            |    56 |   211 |    96 ||   363
Block: Shield            |       |       |   120 ||   120

Table legend:
 A = Turns spent in this place as a percentage of turns spent in the entire game.
 B = Non-inter-level travel turns spent in this place as a percentage of non-inter-level travel turns spent in the entire game.
 C = Inter-level travel turns spent in this place as a percentage of turns spent in this place.
 D = Turns resting spent in this place as a percentage of non-inter-level travel turns spent in this place.
 E = Turns spent auto-exploring this place as a percentage of non-inter-level travel turns spent in this place.
 F = Non-inter-level travel turns spent in this place divided by the number of levels of this place that you've seen.
                   A       B       C       D       E      F
               +-------+-------+-------+-------+-------+----------------------
         Total | 100.0 | 100.0 |   0.4 |   2.7 |   9.1 | 223.3
       Dungeon | 100.0 | 100.0 |   0.4 |   2.7 |   9.1 | 223.3
               +-------+-------+-------+-------+-------+----------------------

Table legend:
 A = Kills in this place as a percentage of kills in entire the game.
 B = Kills by you in this place as a percentage of kills by you in the entire game.
 C = Kills by friends in this place as a percentage of kills by friends in the entire game.
 D = Other kills in this place as a percentage of other kills in the entire game.
 E = Experience gained in this place as a percentage of experience gained in the entire game.
 F = Experience gained in this place divided by the number of levels of this place that you have seen.
                   A       B       C       D       E      F
               +-------+-------+-------+-------+-------+----------------------
         Total | 100.0 | 100.0 |  -nan |  -nan | 100.0 | 190.4
       Dungeon | 100.0 | 100.0 |  -nan |  -nan | 100.0 | 190.4
               +-------+-------+-------+-------+-------+----------------------

Vault maps used:
D:1:      nicolae_arrival_somewhat_less_tricky_arrival
D:2:      uniq_natasha, uniq_terence
D:3:      uniq_robin
D:4:      lemuel_castle_with_subvaults, kennysheep_mini_moat, first_bread
D:5:      nicolae_overflow_hidden_temple, hangedman_abyss_or_decor_slice,
          uniq_eustachio
D:6:      minmay_small_thing
D:7:      old_standard_altar
